 Dungeon Crawl Stone Soup version 0.31.0-11-ge490571c62 (webtiles) character file.

Game seed: 4318329875709294074

3 Esekla the Grasshopper (level 1, 0/10 HPs)
             Began as a Spriggan Warper on Feb 3, 2024.
             Slain by an adder (2 damage)
             ... on level 2 of the Dungeon.
             The game lasted 00:04:17 (412 turns).

Esekla the Grasshopper (Spriggan Warper)             Turns: 412, Time: 00:04:18

Health: 0/10       AC:  2    Str:  4 (7)  XL:     1   Next: 41%
Magic:  5/5        EV: 17    Int: 17 (20) God:
Gold:   28         SH:  0    Dex: 13 (14) Spells: 5/5 levels left

rFire   . . .        a - +0 dagger
rCold   . . .        (no shield)
rNeg    . . .        b - +0 robe
rPois   .            (helmet restricted)
rElec   .            (no cloak)
rCorr   .            (gloves unavailable)
SInv    +            (boots unavailable)
Will    .....        (no amulet)
Stlth   +            i - +6 ring of intelligence
HPRegen 0.21/turn    (no ring)
MPRegen 0.09/turn

%: no passive effects
@: very quick
A: very small, no large weapons, unfitting armour, see invisible, speed 3
a: no special abilities


You were on level 2 of the Dungeon.
You visited 1 branch of the dungeon, and saw 3 of its levels.

You collected 28 gold pieces.

Inventory:

Hand Weapons
 a - a +0 dagger (weapon)
Missiles
 d - 7 darts of dispersal (quivered)
Armour
 b - a +0 robe (worn)
Jewellery
 h - a ring of fire
 i - a +6 ring of intelligence (left hand)
Scrolls
 c - a scroll of blinking
 e - a scroll of enchant armour {unknown}
 f - a scroll of silence {unknown}


   Skills:
 + Level 1.5 Fighting
 + Level 2.3 Short Blades
 + Level 1.0 Throwing
 * Level 3.3 Dodging
 * Level 2.6 Spellcasting
 + Level 4.4 Translocations


You had 5 spell levels left.
You didn't know any spells.
Your spell library contained the following spells:

 Spells                   Type           Power      Damage    Failure   Level
 Blink                    Tloc           34%        N/A       4%          2
 Lesser Beckoning         Tloc           34%        N/A       4%          2
 Teleport Other           Tloc           17%        N/A       9%          3
 Manifold Assault         Tloc           17%        N/A       28%         4
 Vhi's Electric Charge    Tloc/Air       18%        N/A       58%         4


Dungeon Overview and Level Annotations

Branches:
Dungeon (3/15)

Altars:

Shops:
D:1 !*!


Innate Abilities, Weirdness & Mutations

You are very small and have problems with some larger weapons.
You are too small for most types of armour.
You have supernaturally acute eyesight. (SInv)
You cover ground extremely quickly. (Speed+++)


Message History

The adder closely misses you. The adder bites you.
You are lethally poisoned!
The adder poisons you!
It was a potion of degeneration.
There was something very wrong with that liquid.
You feel weakened.
You feel dopey.
You feel clumsy.
* * * LOW HITPOINT WARNING * * *
You feel sick. The adder completely misses you.
It was a potion of curing.
You feel better. The adder misses you.
The kobold throws a stone.
The stone closely misses you.
You hit the adder but do no damage.
The adder is lightly wounded.
The adder misses you.
You hit the adder but do no damage.
The adder is lightly wounded.
The adder bites you.
You are poisoned.
The adder poisons you! The kobold barely misses you.
The adder barely misses you.
You hit the adder.
The adder is moderately wounded.
You feel sick. The adder misses you. The kobold hits you with a +0 dagger.
You closely miss the adder.
The adder is moderately wounded.
You feel sick. The adder misses you. The kobold barely misses you.
You hit the adder.
The adder is heavily wounded.
You feel sick. The adder misses you. The kobold barely misses you.
You closely miss the adder.
The adder is heavily wounded.
You feel sick. The adder completely misses you. The kobold barely misses you.
You hit the adder.
The adder is severely wounded.
You feel sick.
You are no longer poisoned.
The adder barely misses you.
You miss the adder.
The adder is severely wounded.
The adder bites you.
You die...

K# .# .# .# .#
.. .#
....#########.#
.......>.SS@K.#
.######.#######
...............
#######.#######
###............
#..S###.#######
#..†#..........
#..............
#...#.#.######


You could see an adder, a ball python and a kobold.

Vanquished Creatures
  A bat (D:2)
  A goblin (D:1)
  A rat (D:2)
3 creatures vanquished.

Notes
Turn   | Place    | Note
-------+----------+-------------------------------------------
     0 | D:1      | Esekla the Spriggan Warper began the quest for the Orb.
     0 | D:1      | Reached XP level 1. HP: 10/10 MP: 5/5
    75 | D:1      | Found Tiotun's Distillery.
   128 | D:1      | Found Gesty's Assorted Antiques.
   138 | D:1      | Found Hoedeust's Distillery.
   372 | D:3      | Noticed an orc priest
   412 | D:2      | Slain by an adder

Illustrated notes

Levels and vault maps discovered:
D:1:      saegor_arrival_fortress, layout_rooms, serial_shops,
          nicolae_book_shop_shelving, nicolae_square_shop, shop,
          nicolae_lakefront_shop, shop, nicolae_concentric_dashed_squares_wild
D:2:      layout_basic
D:3:      layout_rooms, mainiacjoe_overflow_24_doors, serial_shops, shop,
          minmay_misc_feat_more_columns, kennysheep_cluttered_room, uniq_sigmund

Action                     || total
---------------------------++-------
  Melee: Dagger            ||    30
         Punch             ||     1
    Use: Potion            ||     2
 Armour: Robe              ||    10
  Dodge: Dodged            ||    34
